 Dungeon Crawl Stone Soup version 0.21.1-1-g345015f (webtiles) character file.

717 lorenzova the Thaumaturge (level 7, -5/36 HPs)
             Began as a Deep Elf Conjurer on Jan 27, 2018.
             Slain by a river rat (6 damage)
             ... on level 5 of the Dungeon on Feb 17, 2018.
             The game lasted 00:11:41 (5263 turns).

lorenzova the Thaumaturge (Deep Elf Conjurer)       Turns: 5263, Time: 00:11:42

Health: -5/36      AC:  8    Str:  5    XL:     7   Next: 42%
Magic:  5/20       EV: 13    Int: 22    God:
Gold:   241        SH:  0    Dex: 15    Spells: 11/22 levels left

rFire    . . .     SeeInvis .   e - +0 club
rCold    . . .     Gourm    .   (no shield)
rNeg     . . .     Faith    .   a - +0 robe
rPois    +         Spirit   .   (no helmet)
rElec    .         Reflect  .   (no cloak)
rCorr    .         Harm     .   h - +2 pair of gloves
MR       .....                  (no boots)
Stlth    ++........             (no amulet)
HPRegen  0.12/turn              t - +3 ring of protection
MPRegen  0.17/turn              v - ring of poison resistance

@: no status effects
A: no striking features
a: no special abilities


You were on level 5 of the Dungeon.
You were not hungry.

You visited 1 branch of the dungeon, and saw 5 of its levels.

You collected 241 gold pieces.

Inventory:

Hand Weapons
 e - a +0 club (weapon)
Armour
 a - a +0 robe (worn)
 h - a +2 pair of gloves (worn)
Jewellery
 o - an uncursed amulet of guardian spirit
 r - an uncursed amulet of faith
 t - a +3 ring of protection (left hand)
 v - a ring of poison resistance (right hand)
Wands
 p - a wand of polymorph (24)
 u - a wand of flame (28)
Scrolls
 f - 3 scrolls of remove curse {unknown}
 j - 3 scrolls of enchant weapon {unknown}
 k - 3 scrolls of identify
 l - a scroll of teleportation {unknown}
 n - a scroll of enchant armour {unknown}
 w - a scroll of noise {unknown}
 y - a scroll of magic mapping {unknown}
Potions
 d - 2 potions of might
 g - a potion of agility
 i - 2 potions of mutation
 m - 3 potions of heal wounds {unknown}
 q - a potion of lignification {unknown}
 s - 2 potions of flight {unknown}
 x - a potion of brilliance {unknown}
 z - a potion of cancellation {unknown}
Books
 b - a book of Conjurations

   Spells                             Type                      Level
   a - Magic Dart                     Conjuration                  1
   b - Searing Ray                    Conjuration                  2
   c - Dazzling Spray                 Conjuration/Hexes            3
   d - Fulminant Prism                Conjuration/Hexes            4
   e - Force Lance                    Conjuration/Translocation    4
   f - Iskenderun's Mystic Blast      Conjuration                  4
Comestibles
 c - 5 rations


   Skills:
 - Level 2.4 Dodging
 - Level 2.4 Stealth
 * Level 8.0 Spellcasting
 * Level 7.6 Conjurations
 + Level 1.9 Hexes


You had 11 spell levels left.
You knew the following spells:

 Your Spells              Type           Power        Failure   Level  Hunger
a - Magic Dart            Conj           ####         1%          1    None
b - Searing Ray           Conj           #####.       1%          2    None
c - Iskenderun's Mystic   Conj           #####...     3%          4    ###....
d - Fulminant Prism       Conj/Hex       ####......   10%         4    ###....


Dungeon Overview and Level Annotations

Branches:
Dungeon (5/15)
 Temple: D:4-7

Altars:
Fedhas
Gozag
Okawaru

Portals:
Sewer: D:5


Message History

Aim: a river rat (water, heavily wounded)
The magic dart hits the river rat.
The river rat is severely wounded.
The river rat barely misses you.
You hit the river rat but do no damage. The river rat barely misses you.
The bullfrog zombie hits you.
* * * LOW HITPOINT WARNING * * *
The river rat closely misses you. x2
You hit the river rat.
The river rat is lightly wounded.
The bullfrog zombie hits you.
* * * LOW HITPOINT WARNING * * *
The river rat barely misses you.
The river rat bites you but does no damage.
The bullfrog zombie closely misses you. The river rat bites you!
* * * LOW HITPOINT WARNING * * *
The bullfrog zombie misses you. The river rat bites you.
You die...

#..≈..≈∩..≈≈.#
#..≈≈.....≈≈.#
#..≈†(....≈≈.
#.. #≈≈≈≈≈#
#..##≈≈≈≈≈##.##
##.............#
#!.....rZ#####..
#......r.###...
#.......@#....
#...........#
#...........###
###
#..............
....
#.........#####
# #######..## #
#.## #.# #(#


You could see 2 river rats and a bullfrog zombie.

Vanquished Creatures
  Sigmund (D:2)
  A phantom (D:4)
  2 centaurs (D:5)
  A centaur zombie (D:5)
  A jelly (D:5)
  Crazy Yiuf (D:2)
  2 worker ants
  6 gnolls
  4 adders
  5 worms
  A dart slug (D:2)
  2 leopard geckos
  5 orcs
  6 bats
  2 giant cockroaches (D:1)
  6 goblins
  5 hobgoblins
  7 jackals
  7 kobolds
  2 quokkas (D:3)
  3 ball pythons
  6 frilled lizards
  4 rats
80 creatures vanquished.

Notes
Turn   | Place    | Note
-------+----------+-------------------------------------------
     0 | D:1      | lorenzova the Deep Elf Conjurer began the quest for the Orb.
     0 | D:1      | Reached XP level 1. HP: 10/10 MP: 6/6
    75 | D:1      | Upgraded the game from 0.21.0-26-g889b8f6 to 0.21.1-1-g345015f
   365 | D:1      | Reached XP level 2. HP: 15/15 MP: 4/8
   422 | D:1      | Learned a level 2 spell: Searing Ray
  1124 | D:2      | Reached skill level 4 in Spellcasting
  1124 | D:2      | Reached skill level 5 in Conjurations
  1124 | D:2      | Reached XP level 3. HP: 19/19 MP: 4/10
  1665 | D:2      | Reached XP level 4. HP: 24/24 MP: 2/12
  1841 | D:2      | Found a blossoming altar of Fedhas.
  1903 | D:2      | Noticed Sigmund
  2092 | D:2      | Learned a level 4 spell: Iskenderun's Mystic Blast
  2103 | D:2      | Killed Sigmund
  2103 | D:2      | Reached skill level 6 in Spellcasting
  2103 | D:2      | Reached XP level 5. HP: 25/28 MP: 5/15
  2291 | D:2      | Found a runed door.
  2410 | D:2      | Noticed Crazy Yiuf
  2414 | D:2      | Killed Crazy Yiuf
  2414 | D:2      | Reached XP level 6. HP: 32/32 MP: 12/17
  2790 | D:3      | Found an iron altar of Okawaru.
  3615 | D:4      | Reached skill level 7 in Spellcasting
  4719 | D:4      | Learned a level 4 spell: Fulminant Prism
  4777 | D:5      | Entered Level 5 of the Dungeon
  4845 | D:5      | Noticed a sky beast
  4900 | D:5      | Found an opulent altar of Gozag.
  4928 | D:5      | Reached skill level 1 in Hexes
  4928 | D:5      | Reached XP level 7. HP: 36/36 MP: 15/20
  5199 | D:5      | Reached skill level 8 in Spellcasting
  5242 | D:5      | Found a glowing drain.
  5261 | D:5      | HP: 1/36 [river rat (9)]
  5263 | D:5      | Slain by a river rat

Skill      XL: |  1  2  3  4  5  6  7 |
---------------+----------------------+-----
Spellcasting   | 4 6 7 8 |  8.0
Conjurations   | 5 6 7 |  7.6
Hexes          | 1 |  1.9
Dodging        | |  2.4
Stealth        | |  2.4

Action                   |  1- 3 |  4- 6 |  7- 9 || total
-------------------------+-------+-------+-------++-------
Melee: Club              |    15 |       |     2 ||    17
 Cast: Magic Dart        |    56 |   104 |    25 ||   185
       Searing Ray       |     3 |     4 |       ||     7
       Iskenderun's Myst |       |     5 |     6 ||    11
  Use: Scroll            |       |     7 |       ||     7
  Eat: Chunk             |     2 |     9 |       ||    11
       Ration            |       |     1 |       ||     1
Armor: Robe              |     5 |     8 |    12 ||    25
Dodge: Dodged            |    16 |     9 |    21 ||    46
